 Dungeon Crawl Stone Soup version 0.28.0-53-g5a82cb258f (webtiles) character file.

Game seed: 1486934597711552863

48676 ghwc the Protected (level 14, -11/108 HPs)
             Began as a Gnoll Wanderer on June 9, 2022.
             Was a High Priest of Okawaru.
             Blown up by an eye of devastation (43 damage)
             ... with a bolt of energy
             ... on level 5 of the Lair of Beasts.
             The game lasted 00:33:28 (24613 turns).

ghwc the Protected (Gnoll Wanderer)                Turns: 24613, Time: 00:33:28

Health: -11/108    AC: 23    Str: 20    XL:     14   Next: 47%
Magic:  26/27      EV: 20    Int: 12    God:    Okawaru [*****.]
Gold:   1443       SH:  0    Dex: 11    Spells: 23/31 levels left

rFire   + + .      SeeInvis .   a - +5 flail (vorpal)
rCold   + . .      Faith    +   (no shield)
rNeg    . . .      Spirit   .   t - +4 ring mail
rPois   .          Reflect  .   W - +0 hat of the Trilobite {Contam rElec rF+++ Int+3}
rElec   +          Harm     .   V - +2 cloak
rCorr   .          Rampage  .   l - +2 pair of gloves
Will    +....                   S - +2 pair of boots {Fly}
Stlth   +++++.....              h - amulet of faith
HPRegen 0.28/turn               F - +4 ring of evasion
MPRegen 0.20/turn               v - ring of ice

@: heroic, finesse-ful, flying
A: fangs 1, strong nose, distributed training
a: Renounce Religion, Heroism, Finesse, Duel


You were on level 5 of the Lair of Beasts.
You worshipped Okawaru.
Okawaru was extremely pleased with you.
You visited 2 branches of the dungeon, and saw 16 of its levels.

You collected 1612 gold pieces.
You spent 169 gold pieces at shops.

Inventory:

Hand Weapons
 a - a +5 vorpal flail (weapon)
 q - a +4 whip
 X - a +0 lajatang
Missiles
 o - 68 poisoned darts (quivered)
 r - 10 boomerangs
 s - a boomerang of dispersal
 E - 175 sling bullets
 H - 142 bolts
 J - 71 arrows
 P - 7 javelins
 R - 4 atropa-tipped darts
 T - 3 silver javelins
 Z - a throwing net
Armour
 l - a +2 pair of gloves (worn)
 t - a +4 ring mail (worn)
 S - a +2 pair of boots of flying (worn)
 V - a +2 cloak (worn)
 W - the +0 hat of the Trilobite (worn) {Contam rElec rF+++ Int+3}
   (Okawaru gifted it to you on level 5 of the Lair of Beasts)

   Int:       It affects your intelligence (+3).
   rF:        It renders you almost immune to fire.
   rElec:     It insulates you from electricity.
   Contam:    It causes magical contamination when unequipped.
Jewellery
 h - an amulet of faith (around neck)
 v - a ring of ice (right hand)
 D - a ring of see invisible
 F - a +4 ring of evasion (left hand)
Wands
 c - a wand of paralysis (3)
 w - a wand of flame (10)
 L - a wand of acid (13)
 O - a wand of iceblast (1)
 Q - a wand of mindburst (20)
Scrolls
 k - 4 scrolls of teleportation
 y - a scroll of magic mapping
 B - a scroll of enchant weapon
 G - 5 scrolls of holy word
 I - 2 scrolls of silence
 M - 3 scrolls of identify
 U - 2 scrolls of fear
Potions
 d - a potion of lignification {unknown}
 f - 5 potions of curing
 g - 4 potions of flight
 i - a potion of berserk rage
 m - 2 potions of cancellation
 p - 5 potions of heal wounds
 u - 2 potions of haste
 x - a potion of magic
 z - 3 potions of mutation
 A - 2 potions of might
 C - 2 potions of brilliance
 K - a potion of resistance
Miscellaneous
 b - a lightning rod (4/4)


   Skills:
 + Level 9.2(14.2) Fighting
 + Level 9.2(14.2) Short Blades
 + Level 9.2(14.2) Long Blades
 + Level 11.3(16.3) Axes
 + Level 10.3(15.3) Maces & Flails
 + Level 9.2(14.2) Polearms
 + Level 9.2(14.2) Staves
 + Level 9.2(14.2) Slings
 + Level 9.2(14.2) Bows
 + Level 9.2(14.2) Crossbows
 + Level 9.2(14.2) Throwing
 + Level 11.3(16.3) Armour
 + Level 9.6(14.6) Dodging
 + Level 9.2(14.2) Stealth
 + Level 9.2(14.2) Shields
 + Level 9.2(14.2) Unarmed Combat
 + Level 9.2 Spellcasting
 + Level 7.7 Conjurations
 + Level 7.7 Hexes
 + Level 7.7 Summonings
 + Level 7.7 Necromancy
 + Level 7.7 Translocations
 + Level 7.7 Transmutations
 + Level 7.7 Fire Magic
 + Level 7.7 Ice Magic
 + Level 7.7 Air Magic
 + Level 7.7 Earth Magic
 + Level 7.7 Poison Magic
 + Level 10.4 Invocations
 + Level 9.2 Evocations


You had 23 spell levels left.
You knew the following spells:

 Your Spells              Type           Power      Damage    Failure   Level
a - Sting                 Tmut/Pois      96%        1d7       1%          1
b - Blink                 Tloc           48%        N/A       1%          2
c - Slow                  Hex            96%        N/A       1%          1
d - Corpse Rot            Necr/Air       48%        N/A       1%          2
e - Poisonous Vapours     Pois/Air       48%        N/A       1%          2

Your spell library contained the following spells:

 Spells                   Type           Power      Damage    Failure   Level
 Confusing Touch          Hex            24%        N/A       2%          3
 Dazzling Flash           Conj/Hex       48%        N/A       2%          3
 Lesser Beckoning         Tloc           24%        N/A       2%          3
 Vampiric Draining        Necr           24%        2d7       2%          3
 Agony                    Necr           24%        N/A       22%         5
 Borgnjor's Vile Clutch   Necr/Erth      12%        N/A       22%         5
 Manifold Assault         Tloc           24%        N/A       22%         5
 Silence                  Hex/Air        12%        N/A       22%         5
 Animate Dead             Necr           Unusable   N/A       N/A         4
 Death Channel            Necr           Unusable   N/A       N/A         6

Dungeon Overview and Level Annotations

Branches:
Dungeon (10/15)            Temple (0/1) D:7            Lair (6/6) D:8
 Shoals (0/4) Lair:4       Spider (0/4) Lair:2        Slime (0/5) Lair:5
    Orc: D:9-12

Altars:
Ashenzari
Cheibriados
Dithmenos
Fedhas
Makhleb
Okawaru
Ru
Sif Muna
Uskayaw
Xom
Zin

Shops:
D:4 !   D:5 *

Annotations:
D:10 3 runed translucent doors, diceflayer's ghost, journeyman MiFi


Innate Abilities, Weirdness & Mutations

You have very sharp teeth.
Your uncanny sense of smell can sniff out nearby items.
Your experience applies equally to all skills.


Message History

The death yak is heavily wounded.
The death yak closely misses you.
You hit the death yak but do no damage.
The death yak is moderately wounded.
You sock the death yak!
The death yak is severely wounded.
The death yak misses you.
You hit the death yak but do no damage.
The death yak is severely wounded.
You thump the death yak! Your bite misses the death yak.
The death yak is almost dead.
You hit the death yak but do no damage.
The death yak is almost dead.
The death yak barely misses you.
You sock the death yak! Your bite misses the death yak.
The death yak is almost dead.
You hit the death yak.
You kill the death yak!
Okawaru accepts your kill.
You see here a death yak corpse.
The eye of devastation gazes at you. The bolt of energy misses you.
You barely miss the eye of devastation.
You punch the eye of devastation, but do no damage.
You bludgeon the eye of devastation!!
You bite the eye of devastation, but do no damage.
The eye of devastation is heavily wounded.
You hit the eye of devastation.
The eye of devastation is heavily wounded.
You thump the eye of devastation!
The eye of devastation is severely wounded.
You hit the eye of devastation.
The eye of devastation is severely wounded.
You sock the eye of devastation!
The eye of devastation is almost dead.
You hit the eye of devastation but do no damage.
The eye of devastation is almost dead.
The eye of devastation gazes at you. The bolt of energy hits you!!!
You die...

P# ##...........###.##P..... .#
#.#.........## #####..#.. ##
##....#..P...# #....## .#
#####.#..#####...## ###..## .##
#..###....###.....###.#....#
#l###..##.#......#>.....##.....#.
.................†...............
.................................
................@#..#P.#.#.......
##..............G########...##.#.
#.................# ##..# ###
#......>..........## #...# #
...................#######..## ##
P.................##.P#......###.
.P....##............P...†........
.....###.........................
.....##.#.............†...#.#....


You could see an eye of devastation.

Vanquished Creatures
  Erolcha (D:10)
  Fannar (Lair:2)
  Erica (D:8)
  7 hydras
  A catoblepas (Lair:1)
  2 two-headed ogres
  8 death yaks
  Nergalle (Lair:3)
  A lindwurm (Lair:5)
  A manticore (D:9)
  6 black mambas
  9 elephants
  16 cane toads
  2 gargoyles (D:10)
  4 rime drakes (Lair:5)
  Maggie (D:10)
  8 komodo dragons
  A troll (D:10)
  4 polar bears
  Prince Ribbit (Lair:1)
  15 blink frogs
  A shadow (D:9)
  12 wyverns
  12 basilisks
  2 fire bats (Lair:4)
  34 yaks
  A fire elemental (Lair:4)
  3 redbacks (Lair:2)
  2 steam dragons
  Edmund (D:6)
  19 water moccasins
  Duvessa (D:7)
  A floating eye (Lair:5)
  3 black bears
  A necrophage (D:8)
  4 ogres
  4 orc warriors
  3 ice beasts
  3 wolves
  3 boggarts (D:10)
  5 centaurs
  3 phantoms
  4 kobold brigands
  11 bullfrogs
  2 wyvern zombies
  A gnoll sergeant (D:9)
  2 scorpions
  Dowan (D:7)
  4 killer bees
  11 wights
  8 howler monkeys
  3 centaur zombies (D:9)
  2 lava snakes (Lair:4)
  A hound (D:6)
  6 orc priests
  A bullfrog skeleton (D:5)
  4 iguanas
  Jessica (D:2)
  5 hell rats
  3 orc wizards
  A centaur simulacrum (D:9)
  A howler monkey zombie (D:9)
  Robin (D:3)
  10 gnolls
  6 adders
  A howler monkey skeleton (D:7)
  A shadow imp (D:5)
  6 white imps
  2 howler monkey simulacra (D:9)
  2 ufetubi
  An adder skeleton (D:4)
  3 worms
  3 dart slugs
  35 orcs
  10 ball pythons
  10 endoplasms
  4 giant cockroaches
  15 goblins
  9 hobgoblins
  14 jackals
  2 quokkas
  2 bats
  6 frilled lizards
  35 kobolds
  6 rats
465 creatures vanquished.

Vanquished Creatures (others)
  A kobold (D:8)
  94 fungi
  131 plants
226 creatures vanquished.

Grand Total: 691 creatures vanquished

Notes
Turn   | Place    | Note
-------+----------+-------------------------------------------
     0 | D:1      | ghwc the Gnoll Wanderer began the quest for the Orb.
     0 | D:1      | ghwc set off with the following items: a +2 hand axe, a +0
                  | mace, a +0 ring mail
     0 | D:1      | Reached XP level 1. HP: 13/13 MP: 2/2
     6 | D:1      | Noticed a komodo dragon
     6 | D:1      | Noticed a redback
     7 | D:1      | Noticed a polar bear
     7 | D:1      | Noticed a black mamba
    96 | D:1      | Reached XP level 2. HP: 18/19 MP: 3/3
   414 | D:1      | Reached XP level 3. HP: 25/25 MP: 4/4
  1210 | D:2      | Reached skill level 1 in Fighting
  1210 | D:2      | Reached skill level 1 in Short Blades
  1210 | D:2      | Reached skill level 1 in Long Blades
  1210 | D:2      | Reached skill level 1 in Polearms
  1210 | D:2      | Reached skill level 1 in Staves
  1210 | D:2      | Reached skill level 1 in Slings
  1210 | D:2      | Reached skill level 1 in Bows
  1210 | D:2      | Reached skill level 1 in Crossbows
  1210 | D:2      | Reached skill level 1 in Throwing
  1210 | D:2      | Reached skill level 1 in Stealth
  1210 | D:2      | Reached skill level 1 in Shields
  1210 | D:2      | Reached skill level 1 in Unarmed Combat
  1210 | D:2      | Reached skill level 1 in Spellcasting
  1210 | D:2      | Reached skill level 1 in Evocations
  1283 | D:2      | Found a faded altar of an unknown god.
  1288 | D:2      | Reached XP level 4. HP: 29/32 MP: 6/6
  1324 | D:2      | Got Plato's Tome of Poison
  1333 | D:2      | Identified the ring "Amaacae" {rC+ Dex+4 Slay-4 SInv}
  1337 | D:2      | Learned a level 1 spell: Sting
  1343 | D:2      | Noticed Jessica
  1355 | D:2      | Killed Jessica
  1461 | D:2      | Reached skill level 1 in Conjurations
  1461 | D:2      | Reached skill level 1 in Hexes
  1461 | D:2      | Reached skill level 1 in Summonings
  1461 | D:2      | Reached skill level 1 in Necromancy
  1461 | D:2      | Reached skill level 1 in Translocations
  1461 | D:2      | Reached skill level 1 in Transmutations
  1461 | D:2      | Reached skill level 1 in Fire Magic
  1461 | D:2      | Reached skill level 1 in Ice Magic
  1461 | D:2      | Reached skill level 1 in Air Magic
  1461 | D:2      | Reached skill level 1 in Earth Magic
  1461 | D:2      | Reached skill level 1 in Poison Magic
  1732 | D:2      | Reached XP level 5. HP: 13/37 MP: 7/7
  2127 | D:2      | Found a glowing silver altar of Zin.
  3090 | D:3      | Found an iron altar of Okawaru.
  3106 | D:3      | Became a worshipper of Warmaster Okawaru
  3464 | D:3      | Noticed Robin
  3478 | D:3      | Killed Robin
  3811 | D:4      | Identified a scroll of acquirement
  3811 | D:4      | Acquired a book of Spatial Translocations
  3816 | D:4      | Learned a level 2 spell: Blink
  3940 | D:4      | Reached XP level 6. HP: 44/44 MP: 8/8
  3992 | D:4      | Found Zoblah Ymov's Distillery.
  3999 | D:4      | Bought a potion of heal wounds for 65 gold pieces
  3999 | D:4      | Bought a potion of heal wounds for 65 gold pieces
  3999 | D:4      | Bought a potion of curing for 39 gold pieces
  4129 | D:4      | Found a hide-covered altar of Uskayaw.
  4159 | D:4      | Reached skill level 5 in Maces & Flails
  4416 | D:4      | Found a sacrificial altar of Ru.
  4474 | D:4      | Reached * piety under Okawaru
  4609 | D:4      | Noticed an ice beast
  4618 | D:4      | Killed an ice beast
  4619 | D:4      | Reached XP level 7. HP: 51/51 MP: 7/10
  5211 | D:5      | Entered Level 5 of the Dungeon
  5276 | D:5      | Reached XP level 8. HP: 56/57 MP: 9/12
  5351 | D:5      | Found Zinkiafigg's Elemental Accessories.
  6131 | D:6      | Noticed a wyvern
  6139 | D:6      | Killed a wyvern
  6139 | D:6      | Reached ** piety under Okawaru
  6322 | D:6      | Reached XP level 9. HP: 65/65 MP: 12/14
  6351 | D:6      | Reached skill level 5 in Invocations
  6360 | D:6      | Learned a level 1 spell: Slow
  6388 | D:6      | Noticed Edmund
  6399 | D:6      | Killed Edmund
  6944 | D:7      | Found a staircase to the Ecumenical Temple.
  7012 | D:7      | Reached skill level 5 in Dodging
  7547 | D:7      | Noticed Duvessa
  7547 | D:7      | Noticed Dowan
  7553 | D:7      | Killed Duvessa
  7560 | D:7      | Killed Dowan
  7564 | D:7      | Reached *** piety under Okawaru
  7825 | D:7      | Learned a level 2 spell: Corpse Rot
  7828 | D:7      | Learned a level 2 spell: Poisonous Vapours
  7847 | D:8      | Noticed Erica
  8249 | D:8      | Noticed a two-headed ogre
  8256 | D:7      | Killed a two-headed ogre
  8257 | D:7      | Reached XP level 10. HP: 26/73 MP: 13/17
  8674 | D:8      | Killed Erica
  8674 | D:8      | Reached **** piety under Okawaru
  8674 | D:8      | Received a gift from Okawaru
  8675 | D:8      | Reached skill level 5 in Fighting
  8675 | D:8      | Reached skill level 5 in Short Blades
  8675 | D:8      | Reached skill level 5 in Long Blades
  8675 | D:8      | Reached skill level 5 in Polearms
  8675 | D:8      | Reached skill level 5 in Staves
  8675 | D:8      | Reached skill level 5 in Slings
  8675 | D:8      | Reached skill level 5 in Bows
  8675 | D:8      | Reached skill level 5 in Crossbows
  8675 | D:8      | Reached skill level 5 in Throwing
  8675 | D:8      | Reached skill level 5 in Stealth
  8675 | D:8      | Reached skill level 5 in Shields
  8675 | D:8      | Reached skill level 5 in Unarmed Combat
  8675 | D:8      | Reached skill level 5 in Spellcasting
  8675 | D:8      | Reached skill level 5 in Evocations
  9252 | D:8      | Found a staircase to the Lair.
  9646 | D:9      | Noticed a death yak
  9668 | D:9      | Killed a death yak
  9668 | D:9      | Received a gift from Okawaru
  9668 | D:9      | Received a gift from Okawaru
  9673 | D:9      | Reached XP level 11. HP: 67/81 MP: 12/19
  9856 | D:9      | Reached skill level 5 in Conjurations
  9856 | D:9      | Reached skill level 5 in Hexes
  9856 | D:9      | Reached skill level 5 in Summonings
  9856 | D:9      | Reached skill level 5 in Necromancy
  9856 | D:9      | Reached skill level 5 in Translocations
  9856 | D:9      | Reached skill level 5 in Transmutations
  9856 | D:9      | Reached skill level 5 in Fire Magic
  9856 | D:9      | Reached skill level 5 in Ice Magic
  9856 | D:9      | Reached skill level 5 in Air Magic
  9856 | D:9      | Reached skill level 5 in Earth Magic
  9856 | D:9      | Reached skill level 5 in Poison Magic
 10124 | D:9      | Noticed a four-headed hydra
 10140 | D:9      | Killed a four-headed hydra
 10140 | D:9      | Received a gift from Okawaru
 10247 | D:9      | Reached ***** piety under Okawaru
 10356 | D:9      | Noticed a manticore
 10362 | D:9      | Killed a manticore
 10795 | D:9      | Found a shadowy altar of Dithmenos.
 11090 | D:9      | Found a faded altar of an unknown god.
 11090 | D:9      | Found a blossoming altar of Fedhas.
 11096 | D:9      | Found a snail-covered altar of Cheibriados.
 11098 | D:9      | Found a shimmering blue altar of Sif Muna.
 11100 | D:9      | Found a shimmering altar of Xom.
 11527 | D:10     | Entered Level 10 of the Dungeon
 11560 | D:10     | Found a burning altar of Makhleb.
 12060 | D:10     | Noticed Erolcha
 12097 | D:10     | Killed Erolcha
 12097 | D:10     | Received a gift from Okawaru
 12101 | D:10     | Noticed a two-headed ogre
 12115 | D:10     | Killed a two-headed ogre
 12478 | D:10     | Found a broken altar of Ashenzari.
 12558 | D:10     | Found a runed translucent gate.
 12558 | D:10     | Found a runed translucent gate.
 12558 | D:10     | Found a runed translucent gate.
 12563 | D:10     | Noticed diceflayer's ghost (journeyman MiFi)
 12613 | D:10     | Noticed Maggie
 12632 | D:10     | Killed Maggie
 12632 | D:10     | Received a gift from Okawaru
 13045 | Lair:1   | Entered Level 1 of the Lair of Beasts
 13057 | Lair:1   | Reached XP level 12. HP: 77/89 MP: 15/22
 13296 | Lair:1   | Received a gift from Okawaru
 13358 | Lair:1   | Noticed Prince Ribbit
 13374 | Lair:1   | Killed Prince Ribbit
 14969 | Lair:2   | Noticed a catoblepas
 14978 | Lair:1   | Killed a catoblepas
 14979 | Lair:1   | Reached skill level 10 in Axes
 14979 | Lair:1   | Reached skill level 10 in Armour
 15324 | Lair:2   | Received a gift from Okawaru
 15644 | Lair:2   | Noticed Fannar
 15664 | Lair:2   | Killed Fannar
 16043 | Lair:2   | Found a hole to the Spider Nest.
 17191 | Lair:3   | Received a gift from Okawaru
 17249 | Lair:3   | Reached XP level 13. HP: 80/98 MP: 24/24
 18198 | Lair:3   | Noticed Nergalle
 18213 | Lair:3   | Killed Nergalle
 18669 | Lair:3   | Identified the +1 leather armour of Monotheism {Rampage}
 18798 | Lair:4   | Received a gift from Okawaru
 19672 | Lair:4   | Received a gift from Okawaru
 19695 | Lair:4   | Identified the +4 battleaxe of Taitikk {freeze, SInv}
                  | (Okawaru gifted it to you on level 4 of the Lair of Beasts)
 19695 | Lair:4   | Received a gift from Okawaru
 20233 | Lair:4   | Found a staircase to the Shoals.
 21875 | Lair:5   | Received a gift from Okawaru
 22069 | Lair:5   | Reached skill level 10 in Invocations
 22268 | Lair:5   | Received a gift from Okawaru
 22269 | Lair:5   | Reached skill level 10 in Maces & Flails
 22278 | Lair:5   | Reached XP level 14. HP: 96/106 MP: 26/26
 22505 | Lair:5   | Found a staircase to the Slime Pits.
 22511 | Lair:5   | Paralysed by a floating eye for 3 turns
 22833 | Lair:5   | Received a gift from Okawaru
 23111 | Lair:5   | Paralysed by a floating eye for 4 turns
 23430 | Lair:4   | Received a gift from Okawaru
 23794 | Lair:5   | Identified the +0 hat of the Trilobite {Contam rElec rF+++
                  | Int+3} (Okawaru gifted it to you on level 5 of the Lair of
                  | Beasts)
 23794 | Lair:5   | Received a gift from Okawaru
 24532 | Lair:6   | Entered Level 6 of the Lair of Beasts
 24613 | Lair:5   | Blown up by an eye of devastation

Illustrated notes

Levels and vault maps discovered:
D:1:      onia_arrival_zoo_common, layout_loops_cross, st_stairs_12,
          kennysheep_boxes
D:2:      minmay_general_purpose_star, layout_loops_ring, basic_altar,
          shapermc_ecumenical_altar_rom_forum, minmay_hexomino_c4, uniq_jessica
D:3:      layout_basic, kennysheep_okawaru_gauntlet, uniq_robin
D:4:      kennysheep_kobold_camp, layout_cave_pools,
          nicolae_overflow_hidden_temple, serial_shops, shop
D:5:      layout_gridville, nicolae_elemental_shop, corner_web_ring
D:6:      nicolae_cairo_tiling_large_dashed, layout_cave_pools, uniq_edmund
D:7:      layout_loops_corners, minmay_temple_entry_arrows, uniq_duvessa
D:8:      layout_layer_cave, due_lair_maze_entry_diamond, uniq_erica
D:9:      minmay_opposing_rooms, layout_basic,
          chequers_temple_overflow_minitemple, grunt_dithmenos_shadows,
          serial_ice, serial_ice_f, serial_ice_g, serial_ice_e, serial_ice_o,
          serial_ice_i
D:10:     layout_irregular_city, nicolae_ashenzari_panopticon,
          mainiacjoe_overflow_small_starburst, gammafunk_ghost_spectres,
          uniq_maggie, uniq_erolcha
Lair:1:   layout_chaotic_city, cheibrodos_lair_reptile_den, lemuel_fruit_tree,
          grunt_megastairs_1, uniq_prince_ribbit2
Lair:2:   layout_cave_pods, spider_nest_entry_webs, grunt_megastairs_2,
          lemuel_fruit_fields, serial_bayou_shore_b, serial_bayou_shore_a,
          uniq_fannar
Lair:3:   layout_chaotic_city, kennysheep_basilisk_garden,
          infiniplex_staircase_pool_2, uniq_nergalle
Lair:4:   layout_gridlike, elwin_shoals_entry_rocks, lemuel_old_faithful,
          grunt_megastairs_3
Lair:5:   layout_small_grid, minmay_slime_entry_eyes, special_room
          [special_room_mythical_zoo]
Lair:6:   guppyfry_lair_end_dragon, layout_cave_shapes, gammafunk_ghost_grave,
          chequers_serial_rivers_micro_d, ice2_lemuel, grunt_megastairs_4

Skill      XL: |  1  2  3  4  5  6  7  8  9 10 11 12 13 14 |
---------------+-------------------------------------------+-----
Fighting       | 1 2 3 4 5 6 7 8 9 |  9.2
Short Blades   | 1 2 3 4 5 6 7 8 9 |  9.2
Long Blades    | 1 2 3 4 5 6 7 8 9 |  9.2
Polearms       | 1 2 3 4 5 6 7 8 9 |  9.2
Staves         | 1 2 3 4 5 6 7 8 9 |  9.2
Slings         | 1 2 3 4 5 6 7 8 9 |  9.2
Bows           | 1 2 3 4 5 6 7 8 9 |  9.2
Crossbows      | 1 2 3 4 5 6 7 8 9 |  9.2
Throwing       | 1 2 3 4 5 6 7 8 9 |  9.2
Stealth        | 1 2 3 4 5 6 7 8 9 |  9.2
Shields        | 1 2 3 4 5 6 7 8 9 |  9.2
Unarmed Combat | 1 2 3 4 5 6 7 8 9 |  9.2
Spellcasting   | 1 2 3 4 5 6 7 8 9 |  9.2
Evocations     | 1 2 3 4 5 6 7 8 9 |  9.2
Conjurations   | 1 2 3 4 5 6 7 |  7.7
Hexes          | 1 2 3 4 5 6 7 |  7.7
Summonings     | 1 2 3 4 5 6 7 |  7.7
Necromancy     | 1 2 3 4 5 6 7 |  7.7
Translocations | 1 2 3 4 5 6 7 |  7.7
Transmutations | 1 2 3 4 5 6 7 |  7.7
Fire Magic     | 1 2 3 4 5 6 7 |  7.7
Ice Magic      | 1 2 3 4 5 6 7 |  7.7
Air Magic      | 1 2 3 4 5 6 7 |  7.7
Earth Magic    | 1 2 3 4 5 6 7 |  7.7
Poison Magic   | 1 2 3 4 5 6 7 |  7.7
Invocations    | 3 4 5 6 8 9 10 | 10.4
Dodging        | 3 4 5 6 7 8 9 |  9.6
Maces & Flails | 5 6 7 8 9 10 | 10.3
Axes           | 7 8 9 10 11 | 11.3
Armour         | 7 8 9 10 11 | 11.3

Action                   |  1- 3 |  4- 6 |  7- 9 | 10-12 | 13-15 || total
-------------------------+-------+-------+-------+-------+-------++-------
Melee: Hand axe          |    89 |   242 |   134 |       |       ||   465
       Bite              |     5 |    21 |    26 |    75 |   119 ||   246
       Punch             |       |     6 |     8 |    44 |    67 ||   125
       Flail             |       |       |    95 |   672 |   649 ||  1416
       Short sword       |       |       |       |     5 |       ||     5
Throw: Dart              |       |     6 |    16 |     3 |       ||    25
 Cast: Poisonous Vapours |       |       |       |       |     9 ||     9
Invok: Heroism           |       |     1 |    22 |    30 |    12 ||    65
       Finesse           |       |       |       |     9 |     8 ||    17
Evoke: Wand              |       |       |       |    16 |     3 ||    19
  Use: Scroll            |     2 |    11 |       |     9 |     9 ||    31
       Potion            |       |     5 |       |     1 |       ||     6
 Stab: Sleeping          |       |       |     3 |     5 |     3 ||    11
       Distracted        |       |       |       |     1 |     3 ||     4
Armor: Ring mail         |    32 |   101 |   103 |   328 |   297 ||   861
Dodge: Dodged            |    49 |   136 |   146 |   436 |   520 ||  1287
